 Dungeon Crawl Stone Soup version 0.22.0-38-g04b72b8 (webtiles) character file.

42 CowFu the Stinger (level 3, 0/36 HPs)
             Began as a Demonspawn Venom Mage on Aug 28, 2018.
             Succumbed to an adder's poison
             ... on level 2 of the Dungeon.
             The game lasted 00:07:02 (2278 turns).

CowFu the Stinger (Demonspawn Venom Mage)           Turns: 2278, Time: 00:07:03

Health: 0/36       AC: 21    Str:  8    XL:     3   Next: 35%
Magic:  1/6        EV:  2    Int: 17    God:
Gold:   105        SH:  0    Dex: 18    Spells: 3/6 levels left

rFire    . . .     SeeInvis .   l - +0 whip
rCold    . . .     Gourm    .   (no shield)
rNeg     + + +     Faith    .   (armour currently unavailable)
rPois    +         Spirit   +   (helmet currently unavailable)
rElec    .         Reflect  .   (cloak currently unavailable)
rCorr    .         Harm     .   (gloves currently unavailable)
MR       +....     NoTele   +   (boots currently unavailable)
Stlth    +++.......             (no amulet)
HPRegen  0.12/turn              g - ring of protection from magic
MPRegen  0.10/turn              (no ring)

@: agile, lethally poisoned (0 -> -9), tree-form
A: magic shield
a: no special abilities


You were on level 2 of the Dungeon.
You were very hungry.
You were a tree.
You visited 1 branch of the dungeon, and saw 2 of its levels.

You collected 105 gold pieces.

Inventory:

Hand Weapons
 l - a +0 whip (weapon)
Missiles
 k - 6 curare-tipped needles
Armour
 a - a +0 robe (melded)
Jewellery
 f - a cursed ring of teleportation {unknown}
 g - a ring of protection from magic (left branch)
Scrolls
 d - 2 scrolls of identify {unknown}
 e - 3 scrolls of remove curse {unknown}
 i - a scroll of enchant weapon {unknown}
 m - a scroll of fog {unknown}
 n - 2 scrolls of noise {unknown}
Comestibles
 c - 4 rations


   Skills:
 - Level 1.7 Dodging
 - Level 1.7 Stealth
 - Level 2.0 Spellcasting
 - Level 1.0 Conjurations
 + Level 4.5 Poison Magic


You had 3 spell levels left.
You knew the following spells:

 Your Spells              Type           Power        Failure   Level  Hunger
a - Sting                 Conj/Pois      ##..         6%          1    #......
b - Poisonous Vapours     Pois/Air       #.....       12%         2    ###....

Your spell library contained the following spells:

 Spells                   Type           Power        Failure   Level  Hunger
 Mephitic Cloud           Conj/Pois/Air  #.......     26%         3    ###....
 Olgreb's Toxic Radiance  Pois           ###.....     30%         4    #####..
 Venom Bolt               Conj/Pois      ##........   86%         5    ######.


Dungeon Overview and Level Annotations

Branches:
Dungeon (2/15)

Altars:


Innate Abilities, Weirdness & Mutations

((You have sharp toenails.))
When hurt, damage is shared between your health and your magic reserves.


Message History

You are feeling very hungry.
You feel sick. The adder bites you.
* * * LOW HITPOINT WARNING * * *
You are lethally poisoned!
The adder poisons you!
You miss the adder.
The adder is almost dead.
The adder bites you but does no damage. x2
You closely miss the adder.
The adder is almost dead.
* * * LOW HITPOINT WARNING * * *
You feel sick. The adder bites you but does no damage.
You miss the adder.
The adder is almost dead.
The adder bites you.
You are more poisoned.
The adder poisons you!
You miss the adder.
The adder is almost dead.
You die...

##..###.##########
####.........##.....#
#............##.....#
#............##.....#
###.###......##.....# ##.#
#......##.....# # #..#
##...###.....>#
....##.####.............###
.........gS♣......<.....÷...
.....#..###...............#.
#### #.####.#...............
#.##...#.......##)#....
#.#..######.#.......##.
#.#.## #.####....... #.#.#
#.#.....#.##. #.#.#
#.#.##....# #.#.# #.# ##...#


You could see an adder and a goblin.

Vanquished Creatures
  An adder (D:1)
  A dart slug (D:2)
  2 leopard geckos
  3 bats
  7 goblins
  2 hobgoblins
  3 frilled lizards (D:1)
  6 kobolds
  4 rats
29 creatures vanquished.

Notes
Turn   | Place    | Note
-------+----------+-------------------------------------------
     0 | D:1      | CowFu the Demonspawn Venom Mage began the quest for the Orb.
     0 | D:1      | Reached XP level 1. HP: 13/13 MP: 3/3
   596 | D:1      | Gained mutation: You have sharp toenails. [demonic ancestry]
   596 | D:1      | Reached XP level 2. HP: 19/19 MP: 1/5
  1046 | D:1      | Learned a level 2 spell: Poisonous Vapours
  1546 | D:2      | Reached skill level 4 in Poison Magic
  1572 | D:1      | Gained mutation: When hurt, damage is shared between your health and your magic reserves. [demonic ancestry]
  1572 | D:1      | Reached XP level 3. HP: 8/24 MP: 1/6
  2276 | D:2      | HP: 1/36 [poisoned by an adder]
  2278 | D:2      | Succumbed to an adder's poison

Skill      XL: |  1  2 |
---------------+-------+-----
Poison Magic   | 4 |  4.5
Dodging        | |  1.7
Stealth        | |  1.7
Spellcasting   | |  2.0
Conjurations   | |  1.0

Action                   || total
-------------------------++-------
Melee: Unarmed           ||     4
       Whip              ||    13
       Kick              ||     3
 Cast: Sting             ||    36
       Poisonous Vapours ||    18
  Use: Potion            ||     3
  Eat: Chunk             ||     5
Armor: Robe              ||     4
       Skin              ||     7
Dodge: Dodged            ||    43
